 Dungeon Crawl Stone Soup version 0.30-a0-311-gf115ab0292 (webtiles) character file.

Game seed: 4991389184574267328

382 Powertoast the Trooper (level 6, 0/39 HPs)
             Began as a Gargoyle Reaver on Oct 25, 2022.
             Was an Initiate of the Shining One.
             Slain by an iguana (6 damage)
             ... on level 4 of the Dungeon.
             The game lasted 00:15:41 (3129 turns).

Powertoast the Trooper (Gargoyle Reaver)            Turns: 3129, Time: 00:15:41

Health: 0/39       AC: 12    Str: 15    XL:     6   Next: 76%
Magic:  6/9        EV: 11    Int: 16    God:    the Shining One [......]
Gold:   167        SH:  0    Dex:  8    Spells: 6/9 levels left

rFire   . . .      SeeInvis .    j - +1 dagger (venom)
rCold   . . .      Faith    .    (no shield)
rNeg    + . .      Spirit   .    b - +0 leather armour
rPois   ∞          Reflect  .    (no helmet)
rElec   +          Harm     .    (no cloak)
rCorr   +          Rampage  .    r - +0 pair of gloves
Will    .....                    (no boots)
Stlth   +.........               (no amulet)
HPRegen 0.26/turn                c - ring of resist corrosion
MPRegen 0.11/turn                h - +4 ring of protection

@: immotile, glowing
A: sickness immunity, AC +4, negative energy resistance 1, electricity
resistance, torment resistance 1, petrification resistance
a: Renounce Religion


You were on level 4 of the Dungeon.
You worshipped the Shining One.
The Shining One was noncommittal.
You visited 1 branch of the dungeon, and saw 4 of its levels.

You collected 167 gold pieces.

Inventory:

Hand Weapons
 a - a +1 flail
 j - a +1 dagger of venom (weapon)
Armour
 b - a +0 leather armour (worn)
 r - a +0 pair of gloves (worn)
 y - a scarf of shadows
Jewellery
 c - a ring of resist corrosion (left hand)
 h - a +4 ring of protection (right hand)
Wands
 v - a wand of polymorph (3)
 x - a wand of quicksilver (3)
Scrolls
 e - a scroll of blinking
 f - 3 scrolls of noise
 i - a scroll of identify {unknown}
 k - a scroll of amnesia {unknown}
 m - 2 scrolls of enchant weapon
 n - a scroll of vulnerability {unknown}
 q - 2 scrolls of teleportation
 s - 2 scrolls of fog {unknown}
 u - a scroll of fear {unknown}
 w - a scroll of summoning {unknown}
Potions
 d - a potion of resistance {unknown}
 g - a potion of flight
 l - a potion of brilliance {unknown}
 o - a potion of attraction {unknown}
 p - a potion of magic {unknown}
 t - 2 potions of curing {unknown}
 z - a potion of degeneration {unknown}
 A - a potion of mutation {unknown}


   Skills:
 + Level 4.5 Fighting
 + Level 3.8 Maces & Flails
 - Level 1.5 Dodging
 - Level 2.0 Spellcasting
 - Level 4.0 Conjurations
 - Level 4.0 Translocations


You had 6 spell levels left.
You knew the following spells:

 Your Spells              Type           Power      Damage    Failure   Level
a - Kiss of Death         Conj/Necr      32%        2d7       11%         1
b - Momentum Strike       Conj/Tloc      28%        3d8       8%          2

Your spell library contained the following spells:

 Spells                   Type           Power      Damage    Failure   Level
 Gell's Gravitas          Tloc           14%        N/A       14%         3
 Lesser Beckoning         Tloc           28%        N/A       14%         3
 Teleport Other           Tloc           14%        N/A       14%         3
 Hailstorm                Conj/Ice       8%         3d4       32%         3
 Ensorcelled Hibernation  Hex/Ice        2%         N/A       36%         2
 Passwall                 Tmut/Erth      0%         N/A       36%         2
 Wereblood                Tmut           1%         N/A       36%         2
 Swiftness                Air            1%         N/A       58%         3
 Summon Hydra             Summ           0%         N/A       100%        7
 Sublimation of Blood     Necr           Unusable   N/A       N/A         2

Dungeon Overview and Level Annotations

Branches:
Dungeon (4/15)
 Temple: D:4-7

Altars:
Fedhas
Okawaru
The Shining One

Annotations:
D:4 Grinder


Innate Abilities, Weirdness & Mutations

You are immune to sickness and miasma.
Your stone body is resilient. (AC +4)
You are immune to poison.
You resist negative energy. (rN+)
You are resistant to electric shocks. (rElec)
You are resistant to unholy torment.
You are immune to petrification.


Message History

The ball python bites you but does no damage.
The ball python constricts you.
Aiming: Momentum Strike (safe; 8% risk of failure)
Press: ? - help, Q - select action, (/) - cycle Dir - move target, f - ball python
Aim: a ball python (constricting you, 68% to hit)
The concentrated momentum hits the ball python.
The ball python dies!
You are unable to move.
You cannot move.
You start resting.
You are no longer robbed of momentum.
You start resting.
Your magical contamination has completely faded away.
You start resting.
A jelly comes into view.
A hound comes into view.
Grinder comes into view.
Blink to where?
Press: ? - help, Dir - move target
As you read the scroll of blinking, it crumbles to dust.
The iguana hisses angrily.
The iguana bites you but does no damage.
The iguana attacks as you move away!
The iguana bites you but does no damage.
The iguana attacks as you move away! The iguana bites you.
* * * LOW HITPOINT WARNING * * *
The iguana attacks as you move away! The iguana closely misses you.
There is a stone staircase leading up here.
You closely miss the iguana. The iguana bites you.
* * * LOW HITPOINT WARNING * * *
Casting: Momentum Strike (safe; 8% risk of failure)
Confirm with . or Enter, or press ? or * to list all spells.
Aiming: Momentum Strike (safe; 8% risk of failure)
Press: ? - help, Dir - move target, f - iguana
Aim: an iguana (75% to hit)
The concentrated momentum hits the iguana!
You are unable to move.
The iguana misses you.
You barely miss the iguana.
The iguana is heavily wounded.
The iguana bites you.
You die...

#####.≈~~~.# ###.#....#...#.
#.~~≈~..# ###..+.#.#.#.## #####
#~~~~≈~.# #....##.#.#.#.+ #...#
#.~~~~~.###.##.#...#....# #...#
#.~~~~......##.#....#...#
#...###.~~~~.........#8..#...8#
##...##..~~~~..........####+###..
.........~~~~..###.##...... l.
..........~~~~.#@l...+...... ..
........~~~≈~~.###.###....## #.
.........~~~~......# ###.# .
.........~~~~####### ...
.......(.~≈~~≈## ..
########.≈≈≈≈≈≈## #..~≈≈≈≈≈#≈
#....≈≈≈≈≈≈ #....#######


You could see an iguana.

Vanquished Creatures
  Eustachio (D:4)
  An ogre (D:4)
  An iguana (D:4)
  Terence (D:2)
  Natasha (twice) (D:3)
  An orc wizard (D:4)
  2 adders (D:3)
  2 worms
  A dart slug (D:1)
  3 orcs (D:4)
  4 ball pythons
  3 endoplasms
  5 giant cockroaches
  7 goblins
  10 hobgoblins
  7 jackals
  9 kobolds
  2 quokkas
  3 bats
  6 frilled lizards
  4 rats
75 creatures vanquished.

Vanquished Creatures (others)
  Natasha (D:3)
  A worm (D:2)
  A ball python (D:4)
3 creatures vanquished.

Grand Total: 78 creatures vanquished

Notes
Turn   | Place    | Note
-------+----------+-------------------------------------------
     0 | D:1      | Powertoast the Gargoyle Reaver began the quest for the Orb.
     0 | D:1      | Reached XP level 1. HP: 12/12 MP: 3/3
    81 | D:1      | Reached XP level 2. HP: 17/17 MP: 5/5
    84 | D:1      | Learned a level 2 spell: Momentum Strike
   151 | D:1      | Reached skill level 1 in Translocations
   358 | D:1      | Found a faded altar of an unknown god.
   559 | D:1      | Reached XP level 3. HP: 16/21 MP: 6/6
  1290 | D:2      | Noticed Terence
  1307 | D:2      | Killed Terence
  1308 | D:2      | Reached XP level 4. HP: 19/26 MP: 4/7
  1827 | D:3      | Found a blossoming altar of Fedhas.
  1837 | D:3      | Noticed Natasha
  1854 | D:3      | Killed Natasha
  1912 | D:3      | Noticed Natasha
  1923 | D:3      | Killed Natasha
  2124 | D:3      | Noticed Natasha
  2131 | D:3      | Killed Natasha
  2248 | D:3      | Reached XP level 5. HP: 31/31 MP: 8/8
  2306 | D:3      | Found a glowing golden altar of the Shining One.
  2320 | D:3      | Became a worshipper of the Shining One
  2554 | D:4      | Found an iron altar of Okawaru.
  2560 | D:4      | Noticed Eustachio
  2627 | D:4      | Killed Eustachio
  2628 | D:4      | Reached XP level 6. HP: 13/38 MP: 9/9
  3103 | D:4      | Noticed Grinder
  3129 | D:4      | Slain by an iguana

Illustrated notes

Levels and vault maps discovered:
D:1:      matt_arrival_refuge, layout_loops_ring, ebering_ecumenical_altar_hall,
          chequers_serial_rivers_micro_e, minmay_crystal_room,
          chequers_serial_rivers_small_a
D:2:      layout_loops_ring, uniq_terence
D:3:      layout_rooms, mainiacjoe_overflow_paths, mainiacjoe_overflow_alcove_1,
          kennysheep_nondescript, uniq_natasha
D:4:      layout_basic, mainiacjoe_overflow_small_starburst,
          kennysheep_orc_sif_temple, serial_shops, shop,
          chequers_serial_rivers_large_a, minmay_liquid_box, minivault_1,
          hangedman_abyss_or_decor_passed, uniq_grinder, uniq_eustachio

Skill      XL: |  1  2  3  4  5 |
---------------+----------------+-----
Translocations | 1 2 3 4 |  4.0
Conjurations   | 4 |  4.0
Fighting       | 4 |  4.5
Maces & Flails | |  3.8
Dodging        | |  1.5
Spellcasting   | |  2.0

Action                   |  1- 3 |  4- 6 || total
-------------------------+-------+-------++-------
Melee: Mace              |    80 |       ||    80
       Dagger            |    46 |   183 ||   229
       Punch             |       |     3 ||     3
 Cast: Momentum Strike   |     4 |     6 ||    10
  Use: Scroll            |       |     6 ||     6
       Potion            |       |     1 ||     1
Armor: Leather armour    |    61 |   141 ||   202
Dodge: Dodged            |    95 |   129 ||   224

Table legend: (Time is in decaauts)
 A = Elapsed time spent in this place.
 B = Non-inter-level travel time spent in this place.
 C = Inter-level travel time spent in this place.
 D = Time resting spent in this place.
 E = Time spent auto-exploring this place.
 F = Levels seen in this place.
 G = Mean time per level.
                   A        B        C        D        E       F      G
               +--------+--------+--------+--------+--------+-----+--------+
         Total |   3157 |   2990 |    167 |    159 |   2067 |   4 |  789.2 |
       Dungeon |   3157 |   2990 |    167 |    159 |   2067 |   4 |  789.2 |
               +--------+--------+--------+--------+--------+-----+--------+

Top non-repeatable levels by time:
     D:1: 1099 daAuts
     D:3: 747 daAuts
     D:2: 714 daAuts
     D:4: 595 daAuts
